 Dungeon Crawl Stone Soup version 0.31-a0-214-gb37851dbb3 (webtiles) character file.

Game seed: 2757881541036479490

49 qw the Shooter (level 3, -3/21 HPs)
             Began as a Gargoyle Hexslinger on July 1, 2023.
             Slain by a gnoll
             ... wielding a +0 spear
              (5 damage)
             ... on level 2 of the Dungeon.
             The game lasted 00:00:23 (1035 turns).

qw the Shooter (Gargoyle Hexslinger)                Turns: 1035, Time: 00:00:24

Health: -3/21      AC:  7    Str: 11    XL:     3   Next: 75%
Magic:  4/4        EV: 11    Int: 13    God:
Gold:   38         SH:  0    Dex: 14    Spells: 3/4 levels left

rFire   . . .        Y - +1 sling
rCold   . . .        (no shield)
rNeg    + . .        n - +0 leather armour
rPois   inf          (no helmet)
rElec   +            (no cloak)
rCorr   .            k - +0 pair of gloves
SInv    .            (no boots)
Will    .....        (no amulet)
Stlth   +            (no ring)
HPRegen 0.23/turn    (no ring)
MPRegen 0.09/turn

%: no passive effects
@: no status effects
A: sickness immunity, AC +3, negative energy resistance 1, electricity
resistance, torment resistance 1, petrification resistance
a: no special abilities


You were on level 2 of the Dungeon.
You visited 1 branch of the dungeon, and saw 2 of its levels.

You collected 38 gold pieces.


Innate Abilities, Weirdness & Mutations

You are immune to sickness and miasma.
Your stone body is resilient. (AC +3)
You are immune to poison.
You resist negative energy. (rN+)
You are resistant to electric shocks. (rElec)
You are resistant to unholy torment.
You are immune to petrification.


   Skills:
 - Level 2.0 Fighting
 + Level 3.6 Ranged Weapons
 - Level 1.5 Dodging
 - Level 1.0 Spellcasting
 - Level 2.6 Hexes


You had 3 spell levels left.
You knew the following spells:

 Your Spells              Type           Power      Damage    Failure   Level
a - Slow                  Hex            28%        N/A       12%         1

Your spell library contained the following spells:

 Spells                   Type           Power      Damage    Failure   Level
 Inner Flame              Hex/Fire       4%         N/A       54%         3
 Portal Projectile        Hex/Tloc       8%         N/A       54%         3
 Cause Fear               Hex            3%         N/A       77%         4

Inventory:

Hand Weapons
 Y - a +1 sling (weapon)
Armour
 k - a +0 pair of gloves (worn)
 n - a +0 leather armour (worn)
Scrolls
 a - a scroll of identify
 b - a scroll of fog {unknown}
Potions
 d - a potion of lignification {unknown}
 h - a potion of enlightenment {unknown}

Dungeon Overview and Level Annotations

Branches:
Dungeon (2/15)

Altars:


Message History

The sling bullet barely misses the gnoll.
The sling bullet hits the gnoll.
The gnoll is moderately wounded.
The gnoll barely misses you. The gnoll hits you but does no damage.
You shoot a sling bullet.
The sling bullet hits the gnoll but does no damage.
The gnoll is severely wounded.
The gnoll hits you but does no damage. The gnoll hits you with a +0 flail!
The gnoll misses you.
An endoplasm comes into view.
You shoot a sling bullet. The endoplasm quivers.
The sling bullet hits the gnoll.
The gnoll is almost dead.
The gnoll closely misses you. The gnoll misses you.
You shoot a sling bullet. The sling bullet hits the gnoll.
You kill the gnoll!
The gnoll hits you from afar with a +0 spear. x2
The gnoll hits you but does no damage. The gnoll closely misses you.
You shoot a sling bullet. The sling bullet hits the gnoll.
The gnoll is severely wounded.
The gnoll closely misses you.
The gnoll hits you from afar with a +0 spear.
You shoot a sling bullet. The sling bullet hits the gnoll.
You kill the gnoll!
The gnoll hits you but does no damage.
You shoot a sling bullet.
The sling bullet barely misses the gnoll.
The gnoll hits you but does no damage.
You shoot a sling bullet. The sling bullet hits the endoplasm.
The endoplasm is moderately wounded.
The gnoll hits you but does no damage. The endoplasm hits you.
The gnoll barely misses you. The endoplasm hits you.
You shoot a sling bullet.
The sling bullet barely misses the endoplasm.
The gnoll misses you. The endoplasm barely misses you.
You shoot a sling bullet. The sling bullet hits the endoplasm.
You kill the endoplasm!
The gnoll hits you from afar with a +0 spear.
You die...

.. .# . ## ####.#
.. ###. #..<.#...
##.#.).## #......
.....g.)# ##....
# #@### #...# .#
#...####.<.#..###
###.............#
#.#.##..##..#..
)..#.##.## .#
..####.##.# ..
... ..##.# ## ..
.....# . #######


You could see a gnoll.

Vanquished Creatures
  2 gnolls (D:2)
  3 ball pythons (D:1)
  2 bats (D:1)
  6 endoplasms
  3 goblins (D:1)
  2 hobgoblins (D:1)
  4 jackals (D:1)
  5 rats
27 creatures vanquished.

Notes
Turn   | Place    | Note
-------+----------+-------------------------------------------
     0 | D:1      | qw the Gargoyle Hexslinger began the quest for the Orb.
     0 | D:1      | Reached XP level 1. HP: 12/12 MP: 2/2
     0 | D:1      | 0 ||| qw: Version: 0.3-a-32-g5962c71
     0 | D:1      | 0 ||| qw: Game counter: 7389
     0 | D:1      | 0 ||| qw: Melee chars always use a shield: true
     0 | D:1      | 0 ||| qw: God list: Okawaru
     0 | D:1      | 0 ||| qw: Allow faded altars: false
     0 | D:1      | 0 ||| qw: Do Orc after clearing Dungeon:15 true
     0 | D:1      | 0 ||| qw: Do second Lair branch before Depths: true
     0 | D:1      | 0 ||| qw: Lair rune preference: random
     0 | D:1      | 0 ||| qw: Goals: Normal
     0 | D:1      | 0 ||| PLANNING D:1-11
    68 | D:1      | Reached XP level 2. HP: 12/16 MP: 3/3
   333 | D:1      | Reached skill level 3 in Ranged Weapons
   519 | D:1      | Reached XP level 3. HP: 21/21 MP: 4/4
   802 | D:1      | 802 ||| UPGRADING to +0 pair of gloves.
   807 | D:1      | 807 ||| UPGRADING to +0 leather armour.
   817 | D:1      | 817 ||| DROPPING +0 robe.
   818 | D:1      | 818 ||| READING scroll labelled ZOWEIPPIGGU.
   819 | D:1      | 819 ||| READING scroll labelled IMNEUXK JYAFREA.
   833 | D:1      | 833 ||| READING scroll labelled HILOEM QOMUHAL.
   834 | D:1      | 834 ||| READING scroll labelled IVUMUT ENOCAVA.
   835 | D:1      | 835 ||| READING scroll labelled QAXZENN NIEK.
   836 | D:1      | 836 ||| READING scroll labelled UNTIOT OZXAAZ.
   937 | D:1      | 937 ||| READING scroll labelled UFICWO ERGHAIL.
   942 | D:1      | 942 ||| DROPPING scroll of poison.
   971 | D:2      | 971 ||| STAIRDANCE
  1029 | D:2      | HP: 4/21 [gnoll/+0 spear (5)]
  1033 | D:2      | HP: 1/21 [endoplasm (1)]
  1035 | D:2      | Slain by a gnoll

Levels and vault maps discovered:
D:1:      roderic_chinese_lattice_arrival, layout_basic, minmay_cupped
D:2:      layout_rooms, basic_altar, basic_ecumenical_altar, serial_curves,
          eino_curves_01, eino_curves_02

Skill      XL: |  1  2 |
---------------+-------+-----
Ranged Weapons | 3 |  3.6
Fighting       | 2 |  2.0
Dodging        | |  1.5
Spellcasting   | |  1.0
Hexes          | |  2.6

Action                     || total
---------------------------++-------
   Fire: Sling             ||    86
    Use: Scroll            ||     7
 Armour: Robe              ||     6
         Leather armour    ||    11
  Dodge: Dodged            ||    28

Table legend:
 A = Non-vault XP
 B = Vault XP
 C = Vault XP percentage of total XP
 D = Non-vault monster count
 E = Vault monster count
 F = Vault count percentage of total count
                 A         B        C        D         E       F
            +---------+---------+-------+---------+---------+-------
      Total |      68 |       4 |   5.6 |      24 |       3 |  11.1
            +---------+---------+-------+---------+---------+-------
        D:1 |      36 |       4 |  10.0 |      20 |       3 |  13.0
        D:2 |      32 |       0 |   0.0 |       4 |       0 |   0.0
            +---------+---------+-------+---------+---------+-------
